 Dungeon Crawl Stone Soup version 0.29.1-15-g9cfb28693d (webtiles) character file.

Game seed: 14588338704548331806

414 Sanktem7 the Chopper (level 6, 0/56 HPs)
             Began as a Minotaur Fighter on Mar 15, 2023.
             Succumbed to Eustachio's poison
             ... on level 4 of the Dungeon.
             The game lasted 00:03:11 (2787 turns).

Sanktem7 the Chopper (Minotaur Fighter)             Turns: 2787, Time: 00:03:12

Health: 0/56       AC:  7    Str: 23    XL:     6   Next: 60%
Magic:  2/5        EV:  9    Int:  5    God:
Gold:   144        SH:  4    Dex:  9    Spells: 5/5 levels left

rFire   . . .      SeeInvis .   a - +0 war axe {axe}
rCold   . . .      Faith    .   c - +0 buckler
rNeg    . . .      Spirit   +   b - +0 scale mail
rPois   .          Reflect  .   (helmet restricted)
rElec   .          Harm     .   (no cloak)
rCorr   .          Rampage  .   (no gloves)
Will    .....                   (no boots)
Stlth   ..........              h - amulet of guardian spirit
HPRegen 0.18/turn               (no ring)
MPRegen 0.09/turn               (no ring)

@: brilliant, lethally poisoned (0 -> -3), flying
A: horns 2, retaliatory headbutt
a: no special abilities


You were on level 4 of the Dungeon.
You visited 1 branch of the dungeon, and saw 4 of its levels.

You collected 144 gold pieces.


Innate Abilities, Weirdness & Mutations

You have a pair of horns on your head.
You reflexively headbutt those who attack you in melee.


   Skills:
 + Level 5.1 Fighting
 * Level 5.7 Axes
 + Level 5.1 Armour
 + Level 5.1 Shields


You had 5 spell levels left.
You didn't know any spells.
Your spell library contained the following spells:

 Spells                   Type           Power      Damage    Failure   Level
 Foxfire                  Conj/Fire      0%         2x1d4     86%         1
 Conjure Flame            Conj/Fire      0%         6-21      99%         3
 Inner Flame              Hex/Fire       0%         N/A       99%         3
 Portal Projectile        Hex/Tloc       0%         N/A       99%         3
 Tukima's Dance           Hex            0%         N/A       99%         3
 Flame Wave               Conj/Fire      0%         2d4       100%        4
 Passage of Golubria      Tloc           0%         N/A       100%        4
 Blade Hands              Tmut           0%         N/A       100%        5
 Silence                  Hex/Air        0%         N/A       100%        5
 Lehudib's Crystal Spear  Conj/Erth      0%         10d2      100%        8

Inventory:

Hand Weapons
 a - a +0 war axe (weapon) {axe}
 n - a +2 dagger of protection {short}
   (You took it off a goblin on level 2 of the Dungeon)
 w - a +0 vampiric dagger {short}
   (You took it off a goblin on level 3 of the Dungeon)
Missiles
 i - 31 stones (quivered) {throwing}
 l - 2 boomerangs {throwing}
 o - 2 throwing nets {=f!fthrowing}
 t - 3 poisoned darts {throwing}
 v - 2 silver javelins {throwing}
Armour
 b - a +0 scale mail (worn)
 c - a +0 buckler (worn)
Magical Staves
 j - a staff of fire {!astaff}
   (You found it on level 1 of the Dungeon)
Jewellery
 h - an amulet of guardian spirit (around neck)
   (You found it on level 1 of the Dungeon)
Scrolls
 e - 2 scrolls of immolation {unknown}
 k - a scroll of silence {unknown}
 m - a scroll of poison {unknown}
 p - 4 scrolls of identify {unknown}
 q - 2 scrolls of enchant armour {unknown}
 s - 2 scrolls of acquirement {unknown}
 u - a scroll of vulnerability {unknown}
 x - a scroll of teleportation {unknown}
 y - 3 scrolls of noise {unknown}
Potions
 d - 2 potions of might
 f - a potion of ambrosia {unknown}
 g - a potion of flight
 r - a potion of brilliance
 z - a potion of mutation {unknown}
 A - a potion of invisibility {unknown}

Dungeon Overview and Level Annotations

Branches:
Dungeon (4/15) Zot: 21152
 Temple: D:4-7

Altars:

Shops:
D:3

* ##........ #.....#
#........# #.....
##.......# #....#
####.......# #....# #
##..........#### #....###
#..............###....#..
#.....................>..
#....................##..
#.....§.@.........)..##..
........).....)†.$...##..
......§§......)).....###.
...............).....# #.
...........†.........# ##
#####.............#..# #
....##.........####..# #
.............#### #.#
..##....#..### #.#


There were no monsters in sight!


Message History

The shadow imp hits you but does no damage.
The shadow imp hits you.
You block the iron imp's attack. 😮 HP[-1]
You take 1 damage, and now have 39/55 hp.
You slash the shadow imp! You hit the iron imp but do no damage.
You closely miss the shadow imp. The shadow imp barely misses you.
You furiously retaliate!
You headbutt the shadow imp!
You kill the shadow imp!
The shadow imp disappears in a puff of smoke!
You block the shadow imp's attack.
The iron imp closely misses you. 😮 HP[+1]
You hit the shadow imp.
You kill the shadow imp!
The shadow imp disappears in a puff of smoke!
You closely miss the iron imp. The iron imp barely misses you.
You furiously retaliate!
You headbutt the iron imp, but do no damage.
The iron imp barely misses you. Eustachio completely misses you.
You furiously retaliate!
You headbutt Eustachio. 😮 HP[+1]
You hit Eustachio. You hit the iron imp but do no damage.
Eustachio hits you with a +4 rapier of venom.
You are poisoned.
The iron imp closely misses you. 😮 HP[-4]
You take 4 damage, and now have 37/55 hp.
You completely miss Eustachio. You completely miss the iron imp.
You feel very sick. You block Eustachio's attack.
You block the iron imp's attack. 😮 HP[-4]
You take 4 damage, and now have 33/55 hp.
You slash Eustachio! Your headbutt misses Eustachio.
You barely miss the iron imp.
You feel very sick.
Eustachio hits you with a +4 rapier of venom!
* * * LOW HITPOINT WARNING * * *
The iron imp closely misses you. Eustachio closely misses you.
You furiously retaliate!
You headbutt Eustachio. 😨 HP[-9] MP[-1]
You take 9 damage, and now have 24/55 hp.
You lost 1 mp, and now have 4/5 mp.
You closely miss Eustachio. You completely miss the iron imp.
You feel sick.
Eustachio hits you with a +4 rapier of venom!
* * * LOW HITPOINT WARNING * * *
You block the iron imp's attack. 😨 HP[-7] MP[-2]
You take 7 damage, and now have 17/55 hp.
You lost 2 mp, and now have 2/5 mp.
You closely miss Eustachio. You hit the iron imp.
You feel sick.
Eustachio gestures wildly while chanting.
Eustachio blinks!
The iron imp barely misses you.
You feel sick. 😨 HP[-1]
You take 1 damage, and now have 16/55 hp.
You feel sick. The iron imp hits you.
* * * LOW HITPOINT WARNING * * *
😱 HP[-6]
You take 6 damage, and now have 10/55 hp.
You barely miss Eustachio. Your headbutt misses Eustachio.
You hit the iron imp but do no damage.
You feel sick.
The iron imp disappears in a puff of smoke!
Eustachio barely misses you. You furiously retaliate!
You headbutt Eustachio. 😱 HP[-1]
You take 1 damage, and now have 9/55 hp.
You hit Eustachio.
You feel sick.
You are no longer poisoned.
Eustachio mumbles some strange words.
You block Eustachio's attack. 😱 HP[-1]
You take 1 damage, and now have 8/55 hp.
You slash Eustachio! Your headbutt misses Eustachio.
Eustachio hits you with a +4 rapier of venom.
* * * LOW HITPOINT WARNING * * *
You are lethally poisoned! 😱 HP[-3] MP[-1]
You take 3 damage, and now have 5/55 hp.
You lost 1 mp, and now have 1/5 mp.
You slash Eustachio!
You kill Eustachio!
The river rat disappears in a puff of smoke! x3
* * * LOW HITPOINT WARNING * * *
You feel very sick.
Your Fighting skill increases to level 5!
Your Armour skill increases to level 5!
Your Shields skill increases to level 5! 😱 HP[-3]
You now have 56 max hp (+1).
You take 3 damage, and now have 2/56 hp.
Sorry, you're not good enough to have a special ability.
It was a potion of flight.
You feel very buoyant.
You fly up into the air.
* * * LOW HITPOINT WARNING * * *
You feel sick. 😱 HP[-1]
You take 1 damage, and now have 1/56 hp.
It was a potion of brilliance.
You feel clever all of a sudden.
You die...

Skill      XL: |  1  2  3  4  5  6 |
---------------+-------------------+-----
Axes           | 3 4 5 |  5.7
Armour         | 4 5 |  5.1
Fighting       | 4 5 |  5.1
Shields        | 4 5 |  5.1

Action                   |  1- 3 |  4- 6 || total
-------------------------+-------+-------++-------
Melee: War axe           |    78 |   102 ||   180
       Headbutt          |    12 |    12 ||    24
  Use: Potion            |       |     2 ||     2
Armor: Scale mail        |    40 |    80 ||   120
Dodge: Dodged            |    41 |    62 ||   103
Block: Buckler           |    20 |    40 ||    60

Levels and vault maps discovered:
D:1:      spicycebolla_arrival_ecumenical, layout_loops_cross,
          minmay_tetromino_s2
D:2:      layout_basic
D:3:      layout_rooms, serial_shops, nicolae_diamond_shop, uniq_robin
D:4:      layout_cave_pods, nicolae_wu_jian_wuxing_cycle, patterned_corridor,
          uniq_eustachio

Notes
Turn   | Place    | Note
-------+----------+-------------------------------------------
     0 | D:1      | Sanktem7 the Minotaur Fighter began the quest for the Orb.
     0 | D:1      | Reached XP level 1. HP: 19/19 MP: 0/0
     0 | D:1      | magus.rc [v1.9.6]
   165 | D:1      | HP: 2/20 [frozen (4)]
   167 | D:1      | Reached XP level 2. HP: 3/27 MP: 1/1
   169 | D:1      | Reached skill level 3 in Axes
   530 | D:1      | Reached skill level 4 in Armour
   644 | D:1      | Reached skill level 4 in Fighting
   644 | D:1      | Reached skill level 4 in Shields
   644 | D:1      | Reached XP level 3. HP: 33/33 MP: 0/2
   667 | D:1      | You pick up a book of Weapons and begin reading...
   667 | D:1      | You add the spells Tukima's Dance, Portal Projectile and
                  | Blade Hands to your library.
  1390 | D:2      | You pick up a book of Flames and begin reading...
  1390 | D:2      | You add the spells Foxfire, Conjure Flame, Inner Flame and
                  | Flame Wave to your library.
  1520 | D:2      | Reached XP level 4. HP: 32/40 MP: 1/3
  1739 | D:3      | Reached skill level 4 in Axes
  1810 | D:3      | Noticed Robin
  1826 | D:3      | Killed Robin
  2156 | D:3      | You pick up a book of the Moon and begin reading...
  2156 | D:3      | You add the spells Passage of Golubria, Silence and
                  | Lehudib's Crystal Spear to your library.
  2183 | D:3      | Found Hetwodame's Assorted Antiques.
  2231 | D:3      | Reached XP level 5. HP: 37/47 MP: 2/4
  2697 | D:4      | Reached skill level 5 in Axes
  2736 | D:4      | Reached XP level 6. HP: 51/55 MP: 5/5
  2758 | D:4      | Noticed Eustachio
  2781 | D:4      | HP: 10/55 [iron imp[Eustachio] (5)]
  2785 | D:4      | Killed Eustachio
  2785 | D:4      | HP: 2/55 [poisoned by Eustachio]
  2786 | D:4      | Reached skill level 5 in Fighting
  2786 | D:4      | Reached skill level 5 in Armour
  2786 | D:4      | Reached skill level 5 in Shields
  2787 | D:4      | Succumbed to Eustachio's poison

Vanquished Creatures
  Eustachio (D:4)
  A scorpion (D:4)
  2 orc wizards
  Robin (D:3)
  2 gnolls (D:1)
  4 adders
  An ufetubus (D:4)
  A worm (D:2)
  A dart slug (D:2)
  7 orcs
  5 bats
  8 endoplasms
  4 giant cockroaches
  13 goblins
  6 hobgoblins
  10 jackals
  A quokka (D:3)
  5 ball pythons
  5 frilled lizards
  5 kobolds
  5 rats
88 creatures vanquished.

Table legend:
 A = Non-vault XP
 B = Vault XP
 C = Vault XP percentage of total XP
 D = Non-vault monster count
 E = Vault monster count
 F = Vault count percentage of total count
                 A         B        C        D         E       F
            +---------+---------+-------+---------+---------+-------
      Total |     367 |     225 |  38.0 |      75 |      13 |  14.8
            +---------+---------+-------+---------+---------+-------
        D:1 |      64 |       1 |   1.5 |      22 |       1 |   4.3
        D:2 |      35 |       0 |   0.0 |      18 |       0 |   0.0
        D:3 |     114 |      33 |  22.4 |      25 |      11 |  30.6
        D:4 |     154 |     191 |  55.4 |      10 |       1 |   9.1
            +---------+---------+-------+---------+---------+-------

Illustrated notes

Table legend:
 A = Kills in this place as a percentage of kills in entire the game.
 B = Kills by you in this place as a percentage of kills by you in the entire game.
 C = Kills by friends in this place as a percentage of kills by friends in the entire game.
 D = Other kills in this place as a percentage of other kills in the entire game.
 E = Experience gained in this place as a percentage of experience gained in the entire game.
 F = Experience gained in this place divided by the number of levels of this place that you have seen.
                   A       B       C       D       E      F
               +-------+-------+-------+-------+-------+----------------------
         Total | 100.0 | 100.0 |   N/A |   N/A | 100.0 | 148.0
       Dungeon | 100.0 | 100.0 |   N/A |   N/A | 100.0 | 148.0
               +-------+-------+-------+-------+-------+----------------------

Table legend: (Time is in decaauts)
 A = Elapsed time spent in this place.
 B = Non-inter-level travel time spent in this place.
 C = Inter-level travel time spent in this place.
 D = Time resting spent in this place.
 E = Time spent auto-exploring this place.
 F = Levels seen in this place.
 G = Mean time per level.
                   A        B        C        D        E       F      G
               +--------+--------+--------+--------+--------+-----+--------+
         Total |   2847 |   2750 |     97 |    171 |   2118 |   4 |  711.8 |
       Dungeon |   2847 |   2750 |     97 |    171 |   2118 |   4 |  711.8 |
               +--------+--------+--------+--------+--------+-----+--------+

Top non-repeatable levels by time:
     D:1: 1024 daAuts
     D:3: 953 daAuts
     D:2: 721 daAuts
     D:4: 147 daAuts
